 Dungeon Crawl Stone Soup version 0.29.1-15-g9cfb28693d (webtiles) character file.

Game seed: 11699588720262020717

621 Matius the Magician (level 7, 0/51 HPs)
             Began as a Gnoll Hedge Wizard on Mar 30, 2023.
             Slain by a gnoll
             ... wielding a +0 halberd
              (12 damage)
             ... on level 5 of the Dungeon.
             The game lasted 00:18:41 (5878 turns).

Matius the Magician (Gnoll Hedge Wizard)            Turns: 5878, Time: 00:18:42

Health: 0/51       AC:  4    Str: 11    XL:     7   Next: 46%
Magic:  16/18      EV: 13    Int: 13    God:
Gold:   73         SH:  0    Dex: 12    Spells: 13/21 levels left

rFire   . . .      SeeInvis .   w - +3 whip (freeze)
rCold   . . .      Faith    .   (no shield)
rNeg    . . .      Spirit   .   b - +0 robe
rPois   .          Reflect  .   t - +1 helmet
rElec   .          Harm     .   (no cloak)
rCorr   .          Rampage  .   (no gloves)
Will    +....                   (no boots)
Stlth   +++.......              (no amulet)
HPRegen 0.17/turn               p - ring of willpower
MPRegen 0.16/turn               (no ring)

@: no status effects
A: fangs 1, strong nose, distributed training
a: no special abilities


You were on level 5 of the Dungeon.
You visited 1 branch of the dungeon, and saw 5 of its levels.

You collected 227 gold pieces.
You spent 154 gold pieces at shops.

Inventory:

Hand Weapons
 a - a +0 dagger
 g - a +0 spear
 s - a +0 sling
 w - a +3 whip of freezing (weapon)
Armour
 b - a +0 robe (worn)
 c - a +0 hat
 r - a +0 helmet
 t - a +1 helmet (worn)
Jewellery
 p - a ring of willpower (left hand)
Wands
 n - a wand of flame (16)
Scrolls
 e - a scroll of magic mapping {unknown}
 f - 2 scrolls of fear
 j - a scroll of noise {unknown}
 l - a scroll of immolation {unknown}
 m - 2 scrolls of enchant armour {unknown}
 o - a scroll of enchant weapon
 v - 2 scrolls of teleportation
 x - a scroll of amnesia
 y - 2 scrolls of identify
 B - a scroll of torment {unknown}
Potions
 h - a potion of ambrosia
 i - 2 potions of brilliance {unknown}
 k - a potion of haste {unknown}
 q - a potion of degeneration {unknown}
 u - 3 potions of flight {unknown}
 z - a potion of curing
 A - a potion of cancellation {unknown}
 C - a potion of invisibility {unknown}
 D - a potion of heal wounds {unknown}


   Skills:
 + Level 2.6 Fighting
 + Level 2.6 Short Blades
 + Level 2.6 Long Blades
 + Level 2.6 Axes
 + Level 2.6 Maces & Flails
 + Level 2.6 Polearms
 + Level 2.6 Staves
 + Level 2.6 Ranged Weapons
 + Level 2.6 Throwing
 + Level 2.6 Armour
 + Level 5.3 Dodging
 + Level 5.0 Stealth
 + Level 2.6 Shields
 + Level 2.6 Unarmed Combat
 + Level 7.6 Spellcasting
 + Level 3.0 Conjurations
 + Level 2.1 Hexes
 + Level 3.0 Summonings
 + Level 2.1 Necromancy
 + Level 3.0 Translocations
 + Level 2.1 Transmutations
 + Level 2.1 Fire Magic
 + Level 2.1 Ice Magic
 + Level 2.1 Air Magic
 + Level 2.1 Earth Magic
 + Level 2.1 Poison Magic
 + Level 2.9 Invocations
 + Level 2.6 Evocations


You had 13 spell levels left.
You knew the following spells:

 Your Spells              Type           Power      Damage    Failure   Level
a - Magic Dart            Conj           52%        1d5       4%          1
b - Call Imp              Summ           13%        N/A       6%          2
c - Mephitic Cloud        Conj/Pois/Air  11%        N/A       16%         3
e - Blink                 Tloc           26%        N/A       6%          2

Your spell library contained the following spells:

 Spells                   Type           Power      Damage    Failure   Level
 Slow                     Hex            40%        N/A       6%          1
 Conjure Flame            Conj/Fire      11%        6-21      14%         3
 Dazzling Flash           Conj/Hex       22%        N/A       14%         3
 Iskenderun's Mystic Bla  Conj/Tloc      13%        2d5       36%         4
 Starburst                Conj/Fire      5%         6d4       100%        6


Dungeon Overview and Level Annotations

Branches:
Dungeon (5/15)
 Temple: D:4-7

Altars:

Shops:
D:3 *   D:4 ?

Annotations:
D:5 Eustachio, Sigmund


Innate Abilities, Weirdness & Mutations

You have very sharp teeth.
Your uncanny sense of smell can sniff out nearby items.
Your experience applies equally to all skills.


Message History

The orc hits your white imp with a +0 whip.
Your white imp dies!
Your white imp disappears in a puff of smoke!
The orc barely misses you.
The orc shouts!
Items here: $ ( )) [ †.
You barely miss the orc. You bite the orc.
The orc is almost dead.
The orc hits you with a +0 club.
* * * LOW HITPOINT WARNING * * *
You whack the orc! You freeze the orc.
You kill the orc!
The gnoll closely misses you. The orc closely misses you.
The orc barely misses the orc.
Casting: Magic Dart (safe; 4% risk of failure)
Confirm with . or Enter, or press ? or * to list all spells.
You don't have enough magic to cast this spell.
Sorry, you're not good enough to have a special ability.
Unknown command.
Magic courses through your body.
The orc falls into the water!
The orc drowns.
You hear a splash. x2
The orc barely misses you.
Casting: Magic Dart (safe; 4% risk of failure)
Confirm with . or Enter, or press ? or * to list all spells.
A beastly little devil appears in a puff of flame.
The gnoll closely misses you. The orc closely misses you.
You barely miss the orc. The gnoll barely misses you.
The orc closely misses you.
You whack the orc! You freeze the orc.
You kill the orc!
The gnoll closely misses you.
Casting: Call Imp (safe; 6% risk of failure)
Confirm with . or Enter, or press ? or * to list all spells.
Aiming: Magic Dart (safe; 4% risk of failure)
Press: ? - help, Shift-Dir - straight line, f - gnoll
Aim: a gnoll, wielding a +0 halberd (ally target, 100% to hit)
The magic dart hits the gnoll but does no damage.
The gnoll hits you from afar with a +0 halberd!
You die...

.~≈~.#∆ .~~~.# ∆ .≈~~.# ∆ .≈≈~.#
########'#### .≈≈~.#∆
....o.'....' .~≈~.#.. #....# ∆
.~≈###'# #....#
P~≈#...#############')''#########
.≈≈#...#........@5g...[..........
.~~#####~~~~~~~~~≈))))..~~≈~~~≈~~
.~≈≈≈≈≈≈≈≈≈≈≈≈≈≈≈≈≈~....~≈≈≈~≈≈≈≈
.~~~~~~~~~~~~~~~≈~≈)....~~~~~~~≈~
.............[.....).............
####.########.####.#..####.......
#.# #.####)#.## #.#..... #.#
#........# #.#<..## #.#
####.###.# #......#


You could see a gnoll (ally target) and a friendly crimson imp (summoned).

Vanquished Creatures
  A black bear (D:5)
  2 hounds (D:5)
  2 gnolls (D:5)
  2 adders
  A worm (D:2)
  2 dart slugs (D:1)
  15 orcs
  4 ball pythons
  2 endoplasms
  2 giant cockroaches
  2 goblins
  4 hobgoblins
  12 jackals
  9 kobolds
  A quokka (D:2)
  6 bats
  4 frilled lizards
  9 rats
80 creatures vanquished.

Vanquished Creatures (collateral kills)
  A black bear (D:5)
  A kobold brigand (D:5)
  A howler monkey (D:4)
  A hound (D:5)
  An iguana (D:4)
  An orc wizard (D:5)
  3 gnolls (D:5)
  An adder (D:2)
  2 ufetubi
  An orc (D:5)
  A hobgoblin (D:4)
  3 jackals (D:5)
  A quokka (D:5)
  A frilled lizard (D:2)
  2 kobolds (D:2)
21 creatures vanquished.

Vanquished Creatures (others)
  4 plants
4 creatures vanquished.

Grand Total: 105 creatures vanquished

Notes
Turn   | Place    | Note
-------+----------+-------------------------------------------
     0 | D:1      | Matius the Gnoll Hedge Wizard began the quest for the Orb.
     0 | D:1      | Reached XP level 1. HP: 13/13 MP: 8/8
   532 | D:1      | Reached XP level 2. HP: 2/19 MP: 10/10
  1748 | D:2      | Reached XP level 3. HP: 25/25 MP: 8/11
  2127 | D:2      | Reached skill level 1 in Invocations
  2473 | D:2      | Learned a level 2 spell: Call Imp
  2476 | D:2      | Learned a level 2 spell: Blink
  2535 | D:2      | Reached skill level 1 in Fighting
  2535 | D:2      | Reached skill level 1 in Short Blades
  2535 | D:2      | Reached skill level 1 in Long Blades
  2535 | D:2      | Reached skill level 1 in Axes
  2535 | D:2      | Reached skill level 1 in Maces & Flails
  2535 | D:2      | Reached skill level 1 in Polearms
  2535 | D:2      | Reached skill level 1 in Staves
  2535 | D:2      | Reached skill level 1 in Ranged Weapons
  2535 | D:2      | Reached skill level 1 in Throwing
  2535 | D:2      | Reached skill level 1 in Armour
  2535 | D:2      | Reached skill level 1 in Shields
  2535 | D:2      | Reached skill level 1 in Unarmed Combat
  2535 | D:2      | Reached skill level 1 in Evocations
  2591 | D:2      | Reached XP level 4. HP: 32/32 MP: 0/13
  3553 | D:3      | Found Xyelaast's General Store.
  3556 | D:3      | Bought a scroll of amnesia for 56 gold pieces
  3556 | D:3      | Bought a scroll of teleportation for 42 gold pieces
  3801 | D:4      | Found Saecywen's Magic Scroll Shop.
  3804 | D:4      | Bought a scroll of identify for 28 gold pieces
  3859 | D:4      | Reached skill level 1 in Hexes
  3859 | D:4      | Reached skill level 1 in Necromancy
  3859 | D:4      | Reached skill level 1 in Transmutations
  3859 | D:4      | Reached skill level 1 in Fire Magic
  3859 | D:4      | Reached skill level 1 in Ice Magic
  3859 | D:4      | Reached skill level 1 in Air Magic
  3859 | D:4      | Reached skill level 1 in Earth Magic
  3859 | D:4      | Reached skill level 1 in Poison Magic
  4178 | D:4      | Reached XP level 5. HP: 37/37 MP: 7/14
  4286 | D:4      | Bought a scroll of identify for 28 gold pieces
  4581 | D:5      | Entered Level 5 of the Dungeon
  4581 | D:5      | Noticed a black bear
  4617 | D:5      | Noticed a black bear
  4742 | D:5      | Learned a level 3 spell: Mephitic Cloud
  4999 | D:5      | Noticed Eustachio
  5084 | D:5      | Noticed Sigmund
  5191 | D:5      | Killed a black bear
  5192 | D:5      | Reached skill level 5 in Dodging
  5192 | D:5      | Reached XP level 6. HP: 44/44 MP: 8/16
  5620 | D:5      | Noticed a black bear
  5629 | D:5      | Killed a black bear
  5630 | D:5      | Reached XP level 7. HP: 51/51 MP: 6/18
  5859 | D:5      | Reached skill level 5 in Stealth
  5878 | D:5      | Slain by a gnoll

Illustrated notes

Levels and vault maps discovered:
D:1:      psy_arrival_conway, layout_basic, chequers_serial_rivers_room_a,
          kennysheep_boxes
D:2:      layout_basic, minmay_fractal_squares_5
D:3:      layout_basic, serial_shops, shop, kennysheep_generic_room_10
D:4:      layout_rooms, serial_shops, nicolae_stop_n_shop_1
D:5:      lemuel_castle_with_subvaults [lemuel_castle_interior_carwin_3],
          layout_loops_ring, serial_glass, glass_columns_a, glass_columns_b,
          guppyfry_early_orc_mine, uniq_sigmund, uniq_eustachio, uniq_edmund

Skill      XL: |  1  2  3  4  5  6  7 |
---------------+----------------------+-----
Conjurations   | 2 3 |  3.0
Summonings     | 2 3 |  3.0
Translocations | 2 3 |  3.0
Invocations    | 1 2 |  2.9
Fighting       | 1 2 |  2.6
Short Blades   | 1 2 |  2.6
Long Blades    | 1 2 |  2.6
Axes           | 1 2 |  2.6
Maces & Flails | 1 2 |  2.6
Polearms       | 1 2 |  2.6
Staves         | 1 2 |  2.6
Ranged Weapons | 1 2 |  2.6
Throwing       | 1 2 |  2.6
Armour         | 1 2 |  2.6
Shields        | 1 2 |  2.6
Unarmed Combat | 1 2 |  2.6
Evocations     | 1 2 |  2.6
Hexes          | 1 2 |  2.1
Necromancy     | 1 2 |  2.1
Transmutations | 1 2 |  2.1
Fire Magic     | 1 2 |  2.1
Ice Magic      | 1 2 |  2.1
Air Magic      | 1 2 |  2.1
Earth Magic    | 1 2 |  2.1
Poison Magic   | 1 2 |  2.1
Dodging        | 5 |  5.3
Stealth        | 5 |  5.0
Spellcasting   | |  7.6

Action                   |  1- 3 |  4- 6 |  7- 9 || total
-------------------------+-------+-------+-------++-------
Melee: Dagger            |    24 |       |       ||    24
       Bite              |     3 |     6 |     1 ||    10
       Spear             |    18 |       |       ||    18
       Whip              |       |    36 |    11 ||    47
       Punch             |       |     2 |       ||     2
 Cast: Magic Dart        |    67 |   112 |    32 ||   211
       Call Imp          |     4 |    23 |     7 ||    34
       Mephitic Cloud    |       |     4 |     1 ||     5
       Blink             |       |       |     1 ||     1
  Use: Scroll            |     1 |     2 |       ||     3
       Potion            |       |       |     2 ||     2
Armor: Robe              |     6 |     7 |     1 ||    14
Dodge: Dodged            |    22 |    42 |    21 ||    85
